 Dungeon Crawl Stone Soup version 0.28-a0-8-g6e044cfa68 (webtiles) character file.

Game seed: 13205380823581775508

79 Gwenloh the Covered (level 4, -4/35 HPs)
             Began as a Human Fighter on July 24, 2021.
             Slain by Grinder (5 damage)
             ... while paralysed by Grinder
             ... on level 2 of the Dungeon.
             The game lasted 00:05:12 (2987 turns).

Gwenloh the Covered (Human Fighter)                 Turns: 2987, Time: 00:05:13

Health: -4/35      AC:  5    Str: 17    XL:     4   Next: 64%
Magic:  4/4        EV:  2    Int:  8    God:
Gold:   82         SH:  0    Dex: 13    Spells: 3/3 levels left

rFire   . . .      SeeInvis .   a - +0 long sword
rCold   . . .      Faith    .   c - +0 kite shield
rNeg    . . .      Spirit   .   i - +0 ring mail
rPois   .          Reflect  .   (no helmet)
rElec   .          Harm     .   (no cloak)
rCorr   .          Rampage  .   (no gloves)
Will    .....                   (no boots)
Stlth   +.........              (no amulet)
HPRegen 0.11/turn               (no ring)
MPRegen 0.09/turn               (no ring)

@: paralysed
A: no striking features
a: no special abilities


You were on level 2 of the Dungeon.
You visited 1 branch of the dungeon, and saw 3 of its levels.

You collected 82 gold pieces.

Inventory:

Hand Weapons
 a - a +0 long sword (weapon)
 b - a +0 hunting sling
Missiles
 f - 27 bolts
 m - 45 stones (quivered)
Armour
 c - a +0 kite shield (worn)
 i - a +0 ring mail (worn)
 l - a +0 scale mail
Jewellery
 j - a ring of protection from cold
Scrolls
 d - a scroll of teleportation {unknown}
 e - a scroll of magic mapping {unknown}
 g - a scroll of identify {unknown}
Potions
 h - a potion of attraction {unknown}
 k - a potion of heal wounds {unknown}
 n - a potion of magic {unknown}
 o - a potion of invisibility {unknown}


   Skills:
 + Level 3.4 Fighting
 * Level 3.2 Long Blades
 + Level 3.5 Armour
 + Level 3.4 Shields


You had 3 spell levels left.
You didn't know any spells.
Your spell library contained the following spells:

 Spells                   Type           Power      Damage    Failure   Level
 Passwall                 Tmut/Erth      0%         N/A       99%         2
 Swiftness                Air            0%         N/A       100%        3
 Invisibility             Hex            0%         N/A       100%        6


Dungeon Overview and Level Annotations

Branches:
Dungeon (3/15)

Altars:

Annotations:
D:2 Grinder


Message History

You climb upwards.
There is a stone staircase leading down here.
Okay, then.
Okay, then.
You aren't carrying any items that you can evoke.
You hit Grinder.
Grinder is lightly wounded.
Grinder blinks!
Unknown command.
Grinder blinks!
There is an open door here.
You close the door.
You start resting.
Grinder opens the door.
Grinder barely misses you.
You riposte.
You closely miss Grinder.
Grinder is lightly wounded.
There is an open door here.
You closely miss Grinder.
Grinder is lightly wounded.
Grinder gestures at you. Pain shoots through your body! Grinder hits you.
* * * LOW HITPOINT WARNING * * *
You writhe in agony.
* * * LOW HITPOINT WARNING * * *
You closely miss Grinder.
Grinder is lightly wounded.
Grinder gestures at you. You resist with significant effort.
You hit Grinder.
Grinder is lightly wounded.
Grinder hits you.
* * * LOW HITPOINT WARNING * * *
You slash Grinder!
Grinder is heavily wounded.
Grinder gestures at you.
You suddenly lose the ability to move!
Grinder gestures at you.
You barely resist. Grinder hits you.
You die...

.........#.###......## ##.#
.#######.#.........#.###.## .#
#####.#.........##.#.###### .#
#...............###.......# .#
#.###.##.###....# #######.#
.###.###.##.# ##.#.# #.#
.........##.####.#.# #.#
####.######........# #.# #...#
######@### #.## ###.# ##.5.##
#..# #.# ##.....## ####.# ##.##
##.......## ##.##.#
#####...####...>.....####...#.#
...........'.........'........#
####.....###.........####...#.#
#.###.# ##.......## ##.##.# #.#
#.# ##.....## ####.#


You could see Grinder.

Vanquished Creatures
  Robin (D:3)
  An adder (D:2)
  A worm (D:2)
  2 dart slugs
  3 bats
  4 endoplasms
  5 giant cockroaches
  13 goblins
  5 hobgoblins
  5 ball pythons
  2 frilled lizards
  3 kobolds
  3 rats
48 creatures vanquished.

Notes
Turn   | Place    | Note
-------+----------+-------------------------------------------
     0 | D:1      | Gwenloh the Human Fighter began the quest for the Orb.
     0 | D:1      | Reached XP level 1. HP: 18/18 MP: 1/1
   150 | D:1      | Reached XP level 2. HP: 20/24 MP: 2/2
   568 | D:1      | Reached XP level 3. HP: 28/29 MP: 3/3
   731 | D:2      | Found a faded altar of an unknown god.
  1558 | D:2      | Reached XP level 4. HP: 35/35 MP: 4/4
  2150 | D:3      | Noticed Robin
  2515 | D:3      | Killed Robin
  2966 | D:3      | Noticed Grinder
  2985 | D:2      | HP: 1/35 [Grinder (3)]
  2986 | D:2      | Paralysed by Grinder for 3 turns
  2987 | D:2      | Slain by Grinder

Illustrated notes

Levels and vault maps discovered:
D:1:      dpeg_arrival_rooms_c, layout_basic
D:2:      layout_loops_corners, hellmonk_ecumenical_altar_blasted,
          corner_web_ring
D:3:      layout_loops_ring, portal_sewer_entry_b, nrook_mini_vaults,
          uniq_robin, uniq_grinder

Skill      XL: |  1  2  3  4 |
---------------+-------------+-----
Long Blades    | 3 |  3.2
Fighting       | |  3.4
Armour         | |  3.5
Shields        | |  3.4

Action                   |  1- 3 |  4- 6 || total
-------------------------+-------+-------++-------
Melee: Long sword        |    86 |    51 ||   137
 Fire: Hunting sling     |     9 |    10 ||    19
Throw: Stone             |       |     4 ||     4
  Use: Potion            |     1 |       ||     1
Armor: Scale mail        |    16 |       ||    16
       Ring mail         |     9 |    21 ||    30
Dodge: Dodged            |    28 |    25 ||    53
Block: Kite shield       |    43 |    29 ||    72
       Rpst.: Long sword |     9 |    10 ||    19

Table legend: (Time is in decaauts)
 A = Elapsed time spent in this place.
 B = Non-inter-level travel time spent in this place.
 C = Inter-level travel time spent in this place.
 D = Time resting spent in this place.
 E = Time spent auto-exploring this place.
 F = Levels seen in this place.
 G = Mean time per level.
                   A        B        C        D        E       F      G
               +--------+--------+--------+--------+--------+-----+--------+
         Total |   3068 |   2867 |    201 |    383 |   2018 |   3 | 1022.7 |
       Dungeon |   3068 |   2867 |    201 |    383 |   2018 |   3 | 1022.7 |
               +--------+--------+--------+--------+--------+-----+--------+

Top non-repeatable levels by time:
     D:2: 2236 daAuts
     D:1: 778 daAuts
     D:3: 53 daAuts
